 Dungeon Crawl Stone Soup version 0.32-a0-128-g77eb882913 (webtiles) character file.

Game seed: 10514135804952806995

259 IdlyInterested the Cutter (level 5, 0/41 HPs)
             Began as a Demonspawn Fighter on Feb 7, 2024.
             Slain by an ogre
             ... wielding a +0 giant club
              (27 damage)
             ... on level 4 of the Dungeon.
             The game lasted 00:11:46 (2911 turns).

IdlyInterested the Cutter (Demonspawn Fighter)      Turns: 2911, Time: 00:11:46

Health: 0/41       AC:  9    Str: 17      XL:     5   Next: 94%
Magic:  5/5        EV:  9    Int:  9 (10) God:
Gold:   104        SH:  5    Dex: 14      Spells: 4/4 levels left

rFire   . . .        s - +2 dagger (elec)
rCold   . . .        c - +0 buckler
rNeg    . . .        b - +0 scale mail
rPois   .            (helmet restricted)
rElec   .            u - +0 cloak
rCorr   .            (no gloves)
SInv    .            h - +0 pair of boots
Will    .....        n - amulet of magic regeneration Stlth
                     (no ring)
HPRegen 0.26/turn    (no ring)
MPRegen 0.49/turn

%: no passive effects
@: no status effects
A: antennae 1, ignite blood 1, big brain 1
a: no special abilities


You were on level 4 of the Dungeon.
You visited 1 branch of the dungeon, and saw 4 of its levels.

You collected 156 gold pieces.
You spent 52 gold pieces at shops.

Inventory:

Hand Weapons
 a - a +0 rapier
 l - a +0 scimitar
 m - a +2 dagger of speed
 s - a +2 dagger of electrocution (weapon)
 A - a +2 long sword of draining
Missiles
 g - 11 stones (quivered)
 x - 10 poisoned darts
Armour
 b - a +0 scale mail (worn)
 c - a +0 buckler (worn)
 h - a +0 pair of boots (worn)
 u - a +0 cloak (worn)
Magical Staves
 t - a staff of alchemy
Jewellery
 n - an amulet of magic regeneration (around neck)
Talismans
 j - a flux talisman
Wands
 o - a wand of roots (2)
Scrolls
 f - a scroll of poison
 k - 2 scrolls of teleportation
 p - a scroll of amnesia
 r - 2 scrolls of enchant armour
 v - a scroll of torment
Potions
 d - a potion of might
 e - a potion of mutation {unknown}
 i - a potion of brilliance
 q - 3 potions of curing {unknown}
 z - a potion of heal wounds {unknown}


   Skills:
 - Level 3.0 Fighting
 * Level 4.5 Short Blades
 - Level 1.0 Throwing
 - Level 3.0 Armour
 - Level 1.0 Dodging
 - Level 1.0 Stealth
 + Level 3.3 Shields
 - Level 1.0 Evocations


You had 4 spell levels left.
You didn't know any spells.
Your spell library contained the following spells:

 Spells                   Type           Power      Damage    Failure   Level
 Freeze                   Ice            0%         1d3       86%         1
 Necrotise                Necr           0%         1d4       86%         1
 Cigotuvi's Dreadful Rot  Necr/Alch/Air  0%         N/A       95%         2
 Dazzling Flash           Conj/Hex       0%         N/A       99%         3
 Frozen Ramparts          Ice            0%         1d1       99%         3
 Hailstorm                Conj/Ice       0%         3d5       99%         3
 Vampiric Draining        Necr           0%         2d6       99%         3
 Volatile Blastmotes      Fire/Tloc      0%         2d10      99%         3
 Dispel Undead            Necr           0%         3d6       100%        4
 Ignite Poison            Fire/Alch      0%         N/A       100%        4
 Martyr's Knell           Necr/Summ      0%         N/A       100%        4
 Curse of Agony           Necr           0%         N/A       100%        5
 Freezing Cloud           Conj/Ice/Air   0%         6-21      100%        5
 Death Channel            Necr           0%         N/A       100%        6
 Starburst                Conj/Fire      0%         6d3       100%        6
 Maxwell's Capacitive Co  Air            0%         ∞         100%        8


Dungeon Overview and Level Annotations

Branches:
Dungeon (4/15)
 Temple: D:4-7

Altars:
Dithmenos
Fedhas
Hepliaklqana
Uskayaw

Shops:
D:1 *   D:2 =


Innate Abilities, Weirdness & Mutations

You have a pair of small antennae on your head.
Your demonic aura sometimes causes spilled blood to erupt in flames.
You have an unusually large brain. (Int +2)


Message History

You kill the hobgoblin!
You block the kobold's attack.
You hit the kobold but do no damage. You hit the kobold but do no damage.
The kobold barely misses you.
You hit the kobold.
The kobold is heavily wounded.
The kobold completely misses you.
You hit the kobold. Lightning courses through the kobold!
You kill the kobold!
Things that are here:
a +2 dagger of speed; a +0 robe; an orc corpse
m - a +2 dagger of speed You see here a hobgoblin corpse.
Found a scroll of summoning.
An ogre comes into view. It is wielding a +0 giant club.
The ogre shouts!
Throw: 13 stones
Press: ? - help, Q - select action, (/) - cycle Shift-Dir - straight line, f - ogre
Aim: an ogre, wielding a +0 giant club (72% to hit)
You throw a stone. The stone completely misses the ogre.
Throw: 12 stones
Press: ? - help, Q - select action, (/) - cycle Shift-Dir - straight line, f/p - ogre
Aim: an ogre, wielding a +0 giant club (72% to hit)
You throw a stone.
The stone hits the ogre but does no damage.
You hit the ogre.
The ogre is lightly wounded.
You block the ogre's attack.
You hit the ogre.
The ogre is lightly wounded.
You hit the ogre.
The ogre is lightly wounded.
The ogre hits you with a +0 giant club!
You barely miss the ogre.
The ogre is lightly wounded.
You barely miss the ogre.
The ogre is lightly wounded.
The ogre hits you with a +0 giant club!!
Ouch! That really hurt!
You die...

####### ######
....... #....#
....... #.##.#
....... #.##.#
.......
#.##.###O?.....
#.##.#.@.####
#.##.....'.....
#.####...#####.
#.# #...## .. #.#
##...# .... #.#
#...####....
#.#####...........
#.......>.........
#######....!......


You could see an ogre.

Vanquished Creatures
  A scorpion (D:4)
  A bombardier beetle (D:3)
  Jessica (D:2)
  An orc wizard (D:4)
  4 adders
  2 dart slugs (D:3)
  3 ribbon worms
  5 orcs
  5 endoplasms (D:1)
  5 giant cockroaches
  8 goblins
  8 hobgoblins
  9 ball pythons
  5 bats
  5 frilled lizards
  6 kobolds
  6 rats
75 creatures vanquished.

Notes
Turn   | Place    | Note
-------+----------+-------------------------------------------
     0 | D:1      | IdlyInterested the Demonspawn Fighter began the quest for
                  | the Orb.
     0 | D:1      | Reached XP level 1. HP: 18/18 MP: 1/1
    46 | D:1      | Reached skill level 2 in Short Blades
   272 | D:1      | Gained mutation: Your demonic aura sometimes causes spilled
                  | blood to erupt in flames. [demonic ancestry]
   272 | D:1      | Reached XP level 2. HP: 24/24 MP: 2/2
   853 | D:1      | Found Huirilem's General Store.
  1002 | D:1      | Bought a wand of roots (2) for 52 gold pieces
  1025 | D:2      | Reached XP level 3. HP: 23/29 MP: 3/3
  1167 | D:2      | Reached skill level 3 in Short Blades
  1256 | D:2      | Noticed Jessica
  1268 | D:2      | Killed Jessica
  1269 | D:2      | Reached skill level 1 in Stealth
  1557 | D:2      | Found Santipp's One-of-a-Kind Rings.
  1665 | D:2      | Gained mutation: You have a pair of small antennae on your
                  | head. [demonic ancestry]
  1665 | D:2      | Reached XP level 4. HP: 35/35 MP: 4/4
  1794 | D:2      | Found a hazy altar of Hepliaklqana.
  2317 | D:3      | Found a hide-covered altar of Uskayaw.
  2324 | D:3      | Reached skill level 1 in Evocations
  2331 | D:3      | Gained mutation: You have an unusually large brain. (Int
                  | +2) [demonic ancestry]
  2331 | D:3      | Reached XP level 5. HP: 41/41 MP: 5/5
  2399 | D:3      | Found a faded altar of an unknown god.
  2510 | D:3      | Reached skill level 4 in Short Blades
  2510 | D:3      | Reached skill level 1 in Dodging
  2760 | D:4      | Found a shadowy altar of Dithmenos.
  2833 | D:4      | Found a blossoming altar of Fedhas.
  2864 | D:4      | Reached skill level 1 in Throwing
  2904 | D:4      | Noticed an ogre
  2911 | D:4      | Slain by an ogre

Illustrated notes

Levels and vault maps discovered:
D:1:      eino_arrival_cavern_d, layout_loops_corners, serial_shops, shop,
          chequers_garden, minmay_cut_off
D:2:      layout_loops_corners, basic_altar, minmay_misc_feat_enclosed,
          nicolae_shop_unique_rings, uniq_jessica
D:3:      layout_basic, eat_drink_and_be_merry_uskayaw,
          hellmonk_ecumenical_altar_inner_sanctum
D:4:      layout_basic, mainiacjoe_overflow_catwalk,
          nicolae_dithmenos_the_darkroom, lemuel_doored_altar,
          portal_sewer_entry_b

Skill      XL: |  1  2  3  4  5 |
---------------+----------------+-----
Short Blades   | 2 3 4 |  4.5
Armour         | 3 |  3.0
Stealth        | 1 |  1.0
Evocations     | 1 |  1.0
Shields        | 3 |  3.3
Dodging        | 1 |  1.0
Throwing       | 1 |  1.0
Fighting       | |  3.0

Action                     |  1- 3 |  4- 6 || total
---------------------------+-------+-------++-------
  Melee: Rapier            |   121 |     6 ||   127
         Dagger            |       |    99 ||    99
  Throw: Stone             |       |     2 ||     2
    Use: Potion            |     2 |       ||     2
         Scroll            |       |     8 ||     8
 Armour: Scale mail        |    64 |    67 ||   131
  Dodge: Dodged            |    33 |    39 ||    72
  Block: Buckler           |    25 |    25 ||    50

Table legend: (Time is in decaauts)
 A = Elapsed time spent in this place.
 B = Non-inter-level travel time spent in this place.
 C = Inter-level travel time spent in this place.
 D = Time resting spent in this place.
 E = Time spent auto-exploring this place.
 F = Levels seen in this place.
 G = Mean time per level.
                   A        B        C        D        E       F      G
               +--------+--------+--------+--------+--------+-----+--------+
         Total |   2907 |   2752 |    155 |    246 |   1779 |   4 |  726.8 |
       Dungeon |   2907 |   2752 |    155 |    246 |   1779 |   4 |  726.8 |
               +--------+--------+--------+--------+--------+-----+--------+

Top non-repeatable levels by time:
     D:2: 1192 daAuts
     D:1: 1012 daAuts
     D:3: 557 daAuts
     D:4: 144 daAuts
